 Dungeon Crawl Stone Soup version 0.27.1-33-g824d729ab1 (webtiles) character file.

Game seed: 8358801464177942542

3298 jlumianski the Protected (level 10, -4/63 HPs)
             Began as a Gargoyle Monk on Dec 16, 2021.
             Was a Follower of Wu Jian.
             Slain by a tentacled starspawn (11 damage)
             ... on level 1 of the Abyss.
             The game lasted 00:37:04 (7307 turns).

jlumianski the Protected (Gargoyle Monk)            Turns: 7307, Time: 00:37:07

Health: -4/63      AC: 21    Str: 18    XL:     10   Next: 1%
Magic:  10/10      EV:  9    Int: 11    God:    Wu Jian [*.....]
Gold:   386        SH:  0    Dex: 12    Spells: 9/9 levels left

rFire    . . .     SeeInvis .   m - +2 dagger (venom)
rCold    . . .     Faith    .   (no shield)
rNeg     + . .     Spirit   .   c - +0 chain mail
rPois    ∞         Reflect  .   h - +0 helmet
rElec    +         Harm     .   v - +0 cloak
rCorr    .         Rampage  .   (no gloves)
Will     .....                  (no boots)
Stlth    ..........             f - amulet of regeneration
HPRegen  1.20/turn              F - +4 ring of slaying
MPRegen  0.12/turn              (no ring)

@: about to teleport, studying 2 skills
A: sickness immunity, AC +7, negative energy resistance 1, electricity
resistance, torment resistance 1, petrification resistance
a: Renounce Religion


You were on level 1 of the Abyss.
You worshipped Wu Jian.
Wu Jian was aware of your devotion.
You visited 1 branch of the dungeon, and saw 9 of its levels.
You visited the Abyss 1 time.
You also visited: Bailey.

You collected 386 gold pieces.

Inventory:

Hand Weapons
 a - a +0 hand axe
 m - a +2 dagger of venom (weapon)
 o - a +2 mace of holy wrath
 x - a +0 hunting sling
 J - a +2 halberd of electrocution
 L - a +2 halberd of electrocution
 P - a +2 hand axe of flaming
Missiles
 e - 40 bolts
 i - 241 stones
 j - 7 poisoned darts
 n - 136 sling bullets
 C - a throwing net
 I - 75 boomerangs (quivered)
Armour
 b - a +0 robe
 c - a +0 chain mail (worn)
 h - a +0 helmet (worn)
 t - the +1 robe of Hailafru {Dex+5}
   (You found it on level 4 of the Dungeon)

   Dex:       It affects your dexterity (+5).
 v - a +0 cloak (worn)
 z - a +0 plate armour
 Q - a +0 troll leather armour
Jewellery
 f - an amulet of regeneration (around neck)
 g - an amulet of regeneration
 k - an amulet of the acrobat
 w - a ring of protection from cold
 F - a +4 ring of slaying (left hand)
Wands
 p - a wand of digging (11)
 y - a wand of polymorph (6)
 O - a wand of paralysis (9)
Scrolls
 D - a scroll of amnesia
 E - a scroll of noise
 H - a scroll of teleportation
Potions
 d - 3 potions of flight
 l - 2 potions of mutation
 q - 13 potions of degeneration
 r - a potion of ambrosia
 s - 2 potions of invisibility
 u - a potion of brilliance
 A - a potion of lignification
 B - 4 potions of magic
 G - 5 potions of heal wounds
 K - a potion of might
 N - 2 potions of curing


   Skills:
 + Level 7.1 Fighting
 + Level 7.1 Short Blades
 + Level 4.3 Axes
 + Level 1.0 Slings
 + Level 0.2(0.6) Throwing
 + Level 9.6 Armour
 + Level 4.3 Dodging
 + Level 3.2 Stealth


You had 9 spell levels left.
You didn't know any spells.
Your spell library contained the following spells:

 Spells                   Type           Power      Damage    Failure   Level
 Animate Skeleton         Necr           0%         N/A       97%         1
 Apportation              Tloc           0%         N/A       97%         1
 Corona                   Hex            0%         N/A       97%         1
 Summon Small Mammal      Summ           0%         N/A       97%         1
 Blink                    Tloc           N/A        N/A       99%         2
 Ensorcelled Hibernation  Hex/Ice        0%         N/A       99%         2
 Slow                     Hex            0%         N/A       99%         2
 Confusing Touch          Hex            0%         N/A       100%        3
 Lesser Beckoning         Tloc           0%         N/A       100%        3
 Tukima's Dance           Hex            0%         N/A       100%        3
 Fireball                 Conj/Fire      0%         3d3       100%        5
 Iskenderun's Battlesphe  Conj           0%         2d6       100%        5
 Manifold Assault         Tloc           0%         N/A       100%        5
 Yara's Violent Unravell  Hex/Tmut       0%         3d3       100%        5
 Conjure Ball Lightning   Conj/Air       0%         3x3d6     100%        6
 Orb of Destruction       Conj           0%         N/A       100%        7


Dungeon Overview and Level Annotations

Branches:
Dungeon (9/15)             Bailey (visited)
 Temple: D:4-7         Lair: D:8-11         Orc: D:9-12

Altars:
Fedhas
Wu Jian

Shops:
D:4 :   D:8 (


Innate Abilities, Weirdness & Mutations

You are immune to sickness and miasma.
Your stone body is resilient. (AC +7)
You are immune to poison.
You resist negative energy. (rN+)
You are resistant to electric shocks. (rElec)
You are resistant to unholy torment.
You are immune to petrification.


Message History

The smoke demon gestures at you. The ball of steam hits you!!
The white imp gestures at you. The puff of frost hits you.
The white imp is engulfed in a cloud of scalding steam.
The white imp dies!
The large abomination is engulfed in a cloud of scalding steam.
A small abomination comes into view.
A tentacled starspawn comes into view.
Tentacles burst from the starspawn's body! 2 starspawn tentacles come into view.
As you read the scroll of teleportation, it crumbles to dust.
You feel strangely unstable.
You feel the power of the Abyss delaying your translocation!
The small abomination hits you but does no damage.
The smoke demon gestures at you. Something smites you!
The starspawn tentacle barely misses you.
You spin and attack the starspawn tentacle repeatedly.
You hit the starspawn tentacle but do no damage. x2
You spin and attack the starspawn tentacle.
You hit the starspawn tentacle.
The starspawn tentacle is lightly damaged.
The starspawn tentacle grabs you. The starspawn tentacle constricts you.
The small abomination barely misses you.
You barely miss the small abomination.
You hit the small abomination but do no damage.
The small abomination barely misses you.
The smoke demon gestures at you. Something smites you!
The starspawn tentacle constricts you.
The starspawn tentacle loses its grip on you.
The tentacle pulls you backwards! 2 starspawn tentacle segments come into view.
Your chain mail prevents you from hitting the tentacled starspawn.
The tentacled starspawn is lightly damaged.
The small abomination hits you but does no damage.
The tentacled starspawn bites you!!
* * * LOW HITPOINT WARNING * * *
The tentacled starspawn tentacle-slaps you!
You die...

...........
.....................
.. ..................
....................
. .:....... .........
... #......##......#
. .##......##Λw....##
.......3X...<@X......
............xw.......
.....##..#########.#.
. .......... ....#...
### # .........#
.........# ........#
.........#


You could see a tentacled starspawn, a large abomination, a smoke demon, a small
abomination and 2 starspawn tentacles.

Vanquished Creatures
  A troll (D:8)
  A steam dragon (D:9)
  Menkaure (D:7)
  A hornet zombie (D:5)
  2 orc warriors
  4 ice beasts
  A sky beast (D:8)
  An ogre (D:4)
  A centaur (D:7)
  2 necrophages
  A phantom (D:7)
  3 scorpions
  3 bullfrogs
  A water moccasin zombie (D:5)
  2 wyvern skeletons
  A water moccasin skeleton (D:5)
  A wight (D:8)
  A howler monkey (D:8)
  A centaur zombie (D:5)
  An orc priest (D:4)
  2 jellies
  A hound (D:5)
  A bullfrog skeleton (D:6)
  A centaur skeleton (D:7)
  A gnoll shaman (D:5)
  2 iguanas (D:6)
  9 orc wizards
  A hound zombie (D:5)
  A hound skeleton (D:5)
  3 howler monkey zombies
  A howler monkey skeleton (D:6)
  9 adders
  24 gnolls
  A shadow imp (D:8)
  A white imp (D:5)
  2 ufetubi
  An adder zombie (D:5)
  2 adder skeletons
  A worm (D:2)
  2 dart slugs
  19 orcs
  6 endoplasms
  3 giant cockroaches
  3 goblins
  17 hobgoblins
  2 quokkas
  6 ball pythons
  5 bats
  5 frilled lizards
  12 kobolds
174 creatures vanquished.

Vanquished Creatures (others)
  A white imp (Abyss:1)
  2 plants (D:2)
  12 starspawn tentacles (Abyss:1)
  3 withered plants (D:5)
18 creatures vanquished.

Grand Total: 192 creatures vanquished

Notes
Turn   | Place    | Note
-------+----------+-------------------------------------------
     0 | D:1      | jlumianski the Gargoyle Monk began the quest for the Orb.
     0 | D:1      | Reached XP level 1. HP: 14/14 MP: 1/1
   226 | D:2      | Reached XP level 2. HP: 18/19 MP: 2/2
   818 | D:2      | Reached XP level 3. HP: 24/24 MP: 3/3
   983 | D:2      | Reached XP level 4. HP: 24/29 MP: 4/4
  1246 | D:2      | Noticed a necrophage
  1270 | D:2      | Killed a necrophage
  1271 | D:2      | Reached skill level 1 in Armour
  1271 | D:2      | Reached XP level 5. HP: 21/33 MP: 5/5
  1748 | D:3      | You fall into a shaft and drop 2 floors!
  1748 | D:5      | Entered Level 5 of the Dungeon
  1854 | D:5      | Reached skill level 2 in Armour
  1887 | D:5      | Reached XP level 6. HP: 38/38 MP: 6/6
  2035 | D:5      | Reached skill level 1 in Short Blades
  2035 | D:5      | Reached skill level 3 in Armour
  2047 | D:4      | Noticed an ice beast
  2070 | D:4      | HP: 1/39 [ice beast (11)]
  2074 | D:4      | Killed an ice beast
  2075 | D:4      | Reached XP level 7. HP: 18/44 MP: 7/7
  2140 | D:4      | Reached skill level 4 in Armour
  2568 | D:4      | Identified the +1 robe of Hailafru {Dex+5}
  2964 | D:4      | Found Oliq's Self-Improvement Boutique.
  3003 | D:4      | Reached skill level 5 in Fighting
  3638 | D:6      | Reached XP level 8. HP: 49/49 MP: 8/8
  4042 | D:5      | Reached skill level 5 in Armour
  4726 | D:6      | Reached skill level 5 in Short Blades
  4961 | D:7      | Reached skill level 6 in Armour
  4961 | D:7      | Reached XP level 9. HP: 54/55 MP: 9/9
  5028 | D:7      | Identified a scroll of acquirement
  5028 | D:7      | Acquired a manual of Armour
  5279 | D:7      | Noticed Menkaure
  5290 | D:7      | Reached skill level 1 in Slings
  5584 | D:8      | Reached skill level 7 in Armour
  5622 | D:8      | Found a blossoming altar of Fedhas.
  5699 | D:7      | Killed Menkaure
  5875 | D:8      | Found a flagged portal.
  5920 | Bailey   | Entered a bailey
  6014 | Bailey   | Reached skill level 8 in Armour
  6371 | D:8      | Acquired a manual of Throwing
  6536 | D:8      | Found Exinyos's Weapon Shoppe.
  6642 | D:8      | Identified the +0 robe "Otaagiul" {Fly rElec rC+}
  6768 | D:8      | Noticed a troll
  6798 | D:8      | Killed a troll
  6812 | D:8      | Reached skill level 9 in Armour
  6842 | D:8      | Found an ornate altar of the Wu Jian Council.
  6866 | D:8      | Became a worshipper of the Wu Jian Council
  6866 | D:8      | Reached * piety under Wu Jian
  6866 | D:8      | Reached ** piety under Wu Jian
  7015 | D:9      | Reached XP level 10. HP: 23/63 MP: 10/10
  7083 | D:9      | Cast into level 1 of the Abyss (gnoll)
  7111 | Abyss:1  | Noticed a large abomination
  7120 | Abyss:1  | Noticed a tentacled starspawn
  7210 | Abyss:1  | Noticed a tentacled starspawn
  7222 | Abyss:1  | Noticed a deep elf elementalist
  7272 | Abyss:1  | Noticed a smoke demon
  7300 | Abyss:1  | Noticed a tentacled starspawn
  7307 | Abyss:1  | Slain by a tentacled starspawn

Illustrated notes

Levels and vault maps discovered:
D:1:      heliophobic_arrival_ceremonial_halls, layout_basic, corner_web_ring
D:2:      wad_lake_hut, layout_loops_ring,
          hellmonk_ecumenical_altar_inner_sanctum
D:3:      layout_rooms
D:4:      layout_basic, corexii_shack, nrook_mini_backslash, grunt_ministairs_5,
          nicolae_shop_self_help
D:5:      layout_basic, serial_undead, serial_undead_d, serial_undead_c,
          serial_undead_b, serial_undead_e, kennysheep_cross_room
D:6:      layout_basic, minmay_temple_entry_nine_rooms, hex_tiny
D:7:      layout_rooms, enter_ossuary_2, uniq_menkaure
D:8:      layout_basic, serial_shops, nicolae_lakefront_shop, enter_bailey_7,
          hangedman_feature_mirror
D:9:      layout_basic, nicolae_overflow_crystal_walls, hiddenorc2_lemuel,
          minmay_misc_feat_tiny, lemuel_another_geyser
Abyss:1:  base: D:3, gammafunk_corrupted_shrine, abyss_furniture_001,
          hangedman_abyss_shoalhut

Skill      XL: |  1  2  3  4  5  6  7  8  9 |
---------------+----------------------------+-----
Axes           | 3 4 |  4.3
Dodging        | 3 4 |  4.3
Fighting       | 4 5 6 7 |  7.1
Armour         | 1 2 3 4 6 9 |  9.6
Stealth        | 3 |  3.2
Short Blades   | 1 3 5 7 |  7.1
Slings         | 1 |  1.0
Throwing       | |  0.2

Action                   |  1- 3 |  4- 6 |  7- 9 | 10-12 || total
-------------------------+-------+-------+-------+-------++-------
Melee: Hand axe          |   148 |    39 |       |       ||   187
       Dagger            |       |   118 |   789 |    28 ||   935
 Fire: Hunting sling     |       |       |     7 |       ||     7
Throw: Stone             |       |     1 |     2 |       ||     3
       Boomerang         |       |       |     2 |       ||     2
Invok: Whirlwind         |       |       |       |     8 ||     8
       Lunge             |       |       |       |     1 ||     1
  Use: Scroll            |     1 |     2 |    10 |     2 ||    15
       Potion            |     1 |     1 |     5 |     1 ||     8
 Stab: Sleeping          |     2 |       |       |       ||     2
Armor: Robe              |    32 |       |       |       ||    32
       Chain mail        |    37 |   108 |   510 |    10 ||   665
Dodge: Dodged            |    79 |    56 |   320 |     7 ||   462
